 Dungeon Crawl Stone Soup version 0.26.1-13-g052cdd8df3 (webtiles) character file.

Game seed: 7270244464607931204

48 cbfl8 the Slasher (level 3, 0/33 HPs)
             Began as a Minotaur Monk on Jan 12, 2022.
             Slain by Sigmund
             ... wielding a +0 scythe
              (2 damage)
             ... on level 2 of the Dungeon.
             The game lasted 00:08:48 (3059 turns).

cbfl8 the Slasher (Minotaur Monk)                   Turns: 3059, Time: 00:08:49

Health: 0/33       AC:  6    Str: 16    XL:     3   Next: 50%
Magic:  2/2        EV: 11    Int:  7    God:
Gold:   90         SH:  0    Dex: 12    Spells: 2/2 levels left

rFire    . . .     SeeInvis .   p - -2 mace (curse)
rCold    . . .     Faith    .   (no shield)
rNeg     . . .     Spirit   .   j - +0 scale mail
rPois    .         Reflect  .   (helmet restricted)
rElec    .         Harm     .   (no cloak)
rCorr    .         Rampage  .   (no gloves)
Will     .....                  (no boots)
Stlth    ..........             (no amulet)
HPRegen  0.11/turn              (no ring)
MPRegen  0.08/turn              (no ring)

@: no status effects
A: retaliatory headbutt, horns 2
a: no special abilities


You were on level 2 of the Dungeon.
You visited 1 branch of the dungeon, and saw 2 of its levels.

You collected 90 gold pieces.

Inventory:

Hand Weapons
 a - a +0 falchion
 e - a +0 dagger
 f - a +0 dagger
 g - a +0 dagger
 i - a +0 club
 n - a +0 mace
 p - a cursed -2 mace (weapon)
 s - a +2 dagger of venom
 u - a cursed -3 club
 w - a +0 club
 x - a +0 hunting sling
 y - a +0 whip
 C - a +0 club
 E - a +0 club
Missiles
 l - 16 bolts
 m - 34 stones (quivered)
 o - 17 poisoned darts
 t - 37 sling bullets
Armour
 b - a +0 robe
 j - a +0 scale mail (worn)
 k - a +0 robe
 z - a +0 chain mail
 D - a +0 scale mail
Scrolls
 q - 2 scrolls of remove curse {unknown}
 r - a scroll of enchant armour {unknown}
 A - a scroll of immolation {unknown}
 B - a scroll of amnesia {unknown}
Potions
 c - 3 potions of curing {unknown}
 d - 2 potions of haste {unknown}
 h - a potion of degeneration {unknown}
 v - a potion of cancellation {unknown}


   Skills:
 + Level 3.9 Fighting
 + Level 4.3 Long Blades
 + Level 0.3 Maces & Flails
 + Level 0.7 Armour
 + Level 4.0 Dodging
 + Level 1.6 Stealth


You had 2 spell levels left.
You didn't know any spells.
Your spell library was empty.

Dungeon Overview and Level Annotations

Branches:
Dungeon (2/15)

Altars:

Annotations:
D:2 Sigmund


Innate Abilities, Weirdness & Mutations

You reflexively headbutt those who attack you in melee.
You have a pair of horns on your head.


Message History

Sigmund the Dreaded comes into view.
He is wielding a +0 scythe.
Sigmund shouts!
Sigmund casts a spell at you. The puff of flame hits you.
Sigmund smiles chillingly.
Sigmund hits you with a +0 scythe!
Found 15 gold pieces.
You hit Sigmund.
Sigmund is lightly wounded.
Sigmund points at himself and mumbles some strange words.
Sigmund flickers and vanishes!
Deactivating autopickup; reactivate with Ctrl-A.
You hit something but do no damage. Something hits you.
You closely miss something. Something hits you but does no damage.
You barely miss something. Something hits you but does no damage.
You hit something. Something hits you!
You hit something. Your headbutt misses something. Something hits you!
* * * LOW HITPOINT WARNING * * *
You hit something. Something hits you.
You die...

# #.#
#.#.#########.#
##.#<..........# ..
...#........####
... ............#
##.###.###.###..#
...........###..#
.......{....>#..###
.#....#@#.........#
........#.#######.#
#.................#
......###.#########
#####. #.# .. ..#
#. #### .$ ##


There were no monsters in sight!

Vanquished Creatures
  An adder (D:2)
  An ooze (D:1)
  A worm (D:2)
  A giant cockroach (D:2)
  6 goblins
  7 hobgoblins
  3 bats
  A frilled lizard (D:1)
  5 kobolds
  6 rats
32 creatures vanquished.

Notes
Turn   | Place    | Note
-------+----------+-------------------------------------------
     0 | D:1      | cbfl8 the Minotaur Monk began the quest for the Orb.
     0 | D:1      | Reached XP level 1. HP: 19/19 MP: 0/0
   517 | D:1      | Reached XP level 2. HP: 27/27 MP: 1/1
  1914 | D:2      | Reached XP level 3. HP: 20/33 MP: 2/2
  3049 | D:2      | Noticed Sigmund
  3059 | D:2      | Slain by Sigmund

Illustrated notes

Levels and vault maps discovered:
D:1:      lordsloth_arrival_two_stooges, layout_loops_ring,
          minmay_misc_feat_room, serial_park_tiny_pond, minmay_splitting_lines
D:2:      cheibrodos_greedy_goblins, layout_basic, nicolae_underground_beach,
          uniq_sigmund

Skill      XL: |  1  2  3 |
---------------+----------+-----
Long Blades    | 4 |  4.3
Dodging        | 4 |  4.0
Fighting       | |  3.9
Maces & Flails | |  0.3
Armour         | |  0.7
Stealth        | |  1.6

Action                   || total
-------------------------++-------
Melee: Falchion          ||    38
       Headbutt          ||     7
       Mace              ||    37
Armor: Robe              ||     2
       Scale mail        ||    25
Dodge: Dodged            ||    52
       Rpst.: Falchion   ||     5
